 Dungeon Crawl Stone Soup version 0.31-a0-1338-gb567cfdca4 (webtiles) character file.

Game seed: 10919820640541804693

792 grandjackal the Trooper (level 7, -6/75 HPs)
             Began as an Oni Gladiator on Dec 21, 2023.
             Was an Initiate of Okawaru.
             Mangled by an iguana (13 damage)
             ... on level 5 of the Dungeon.
             The game lasted 00:06:32 (4034 turns).

grandjackal the Trooper (Oni Gladiator)             Turns: 4034, Time: 00:06:33

Health: -6/75      AC:  4    Str: 21    XL:     7   Next: 88%
Magic:  7/8        EV: 11    Int:  9    God:    Okawaru [......]
Gold:   317        SH:  0    Dex: 16    Spells: 6/6 levels left

rFire   + . .        a - +0 flail
rCold   . . .        (no shield)
rNeg    . . .        r - +0 troll leather armour {Pargi}
rPois   .            c - +0 hat
rElec   .            (no cloak)
rCorr   .            (gloves unavailable)
SInv    .            (boots unavailable)
Will    .....        (no amulet)
Stlth   +            f - ring of protection from fire
HPRegen 1.12/turn    i - +6 ring of dexterity
MPRegen 0.11/turn

%: no passive effects
@: no status effects
A: drunken brawling, large, unfitting armour, horns 1, tough skin 1, double
potion healing
a: Renounce Religion


You were on level 5 of the Dungeon.
You worshipped Okawaru.
Okawaru was noncommittal.
You visited 2 branches of the dungeon, and saw 6 of its levels.
You also visited: Sewer.

You collected 317 gold pieces.

Inventory:

Hand Weapons
 a - a +0 flail (weapon)
Missiles
 d - 3 throwing nets (quivered)
 e - a large rock
Armour
 c - a +0 hat (worn)
 r - a +0 troll leather armour (worn) {Pargi}
Jewellery
 f - a ring of protection from fire (left hand)
 h - a +6 ring of strength
 i - a +6 ring of dexterity (right hand)
 u - an amulet of regeneration
Wands
 o - a wand of iceblast (6)
 q - a wand of quicksilver (11)
 y - a wand of flame (14)
Scrolls
 g - 4 scrolls of teleportation
 j - 2 scrolls of revelation {unknown}
 l - 4 scrolls of fog
 m - 3 scrolls of enchant weapon {unknown}
 n - 3 scrolls of enchant armour {unknown}
 s - a scroll of summoning {unknown}
 v - a scroll of poison {unknown}
 w - a scroll of silence {unknown}
 A - a scroll of noise {unknown}
Potions
 b - 2 potions of invisibility
 k - a potion of curing
 p - 2 potions of magic
 t - a potion of cancellation
 x - a potion of attraction {unknown}
 z - a potion of enlightenment {unknown}
 C - a potion of lignification {unknown}


   Skills:
 + Level 6.3 Fighting
 + Level 5.2 Maces & Flails
 + Level 4.6 Throwing
 - Level 4.2 Dodging
 + Level 1.5 Invocations


You had 6 spell levels left.
You didn't know any spells.
Your spell library contained the following spells:

 Spells                   Type           Power      Damage    Failure   Level
 Magic Dart               Conj           0%         1d3       43%         1
 Blink                    Tloc           0%         N/A       56%         2
 Ensorcelled Hibernation  Hex/Ice        0%         N/A       56%         2
 Passwall                 Alch/Erth      0%         N/A       56%         2
 Dazzling Flash           Conj/Hex       0%         N/A       80%         3
 Swiftness                Air            0%         N/A       80%         3
 Volatile Blastmotes      Fire/Tloc      0%         2d10      80%         3
 Starburst                Conj/Fire      0%         6d3       100%        6
 Maxwell's Capacitive Co  Air            0%         ∞         100%        8
 Call Imp                 Summ           Unusable   N/A       N/A         2

Dungeon Overview and Level Annotations

Branches:
Dungeon (5/15)             Temple (1/1) D:4           Sewer (visited)

Altars:
Ashenzari
Cheibriados
Dithmenos
Elyvilon
Kikubaaqudgha
Nemelex Xobeh
Okawaru
Qazlal
Sif Muna
Trog
Vehumet
Wu Jian
Xom
Yredelemnul
The Shining One

Shops:
D:3 :

Annotations:
D:3 1 runed translucent door, RockinRobin's ghost, amateur HOFi


Innate Abilities, Weirdness & Mutations

Whenever you drink a potion that restores your health or magic, you attack all enemies around you.
You are too large for most types of armour.
You have a pair of small horns on your head.
You have tough skin. (AC +1)
Whenever you drink a potion that restores your health or magic, it restores twice as much.


Message History

You hit the ogre. You headbutt the ogre.
You kill the ogre!
Okawaru accepts your kill. The black bear bites you!
The black bear barely misses you.
The black bear claws you but does no damage.
You thump the black bear!
The black bear is moderately wounded.
The black bear bites you. The black bear closely misses you.
The black bear claws you.
You hit the black bear.
The black bear is moderately wounded.
The black bear closely misses you. The black bear claws you.
The black bear closely misses you.
You hit the black bear. You headbutt the black bear.
The black bear is severely wounded.
The black bear bites you. The black bear misses you.
The black bear closely misses you.
You hit the black bear but do no damage.
Your headbutt misses the black bear.
The black bear is severely wounded.
The black bear bites you!
The black bear claws you but does no damage.
The black bear claws you. The black bear closely misses you.
The black bear claws you.
* * * LOW HITPOINT WARNING * * *
The black bear misses you.
You hit the black bear but do no damage.
You headbutt the black bear.
The black bear is severely wounded.
The iguana bites you!
* * * LOW HITPOINT WARNING * * *
The black bear goes berserk!
Unknown command.
You hit the black bear. You headbutt the black bear!
The black bear is almost dead.
The black bear barely misses you. The black bear claws you.
* * * LOW HITPOINT WARNING * * *
The black bear claws you but does no damage.
The iguana bites you!
You die...

### # ..# #.#. #.# #
#.#..#####.# .
..........#.# .
.##.#.###..).#
......h...##.####
......l@..##....########
..........##.##.........
..........##.###....####
.#+##+###.##.#.........!
#.##.#.#.##.###.
#.##.#.#........ #.##.#
#..#.>... .#.. #..######
#..#


You could see a black bear (berserk) and an iguana.

Vanquished Creatures
  Pargi (Sewer)
  An ogre (D:5)
  A phantom (D:4)
  A brain worm (Sewer)
  Blork the orc (D:4)
  A hound (D:5)
  A gnoll bouda (D:4)
  An orc priest (D:3)
  Ijyb (D:5)
  An iguana (D:4)
  11 gnolls
  8 adders
  2 worms
  5 dart slugs
  6 orcs
  6 endoplasms
  A giant cockroach (D:3)
  5 hobgoblins
  2 jackals (D:3)
  3 quokkas
  8 ball pythons
  6 bats
  8 frilled lizards
  5 goblins
  7 kobolds
  2 rats
95 creatures vanquished.

Vanquished Creatures (others)
  An adder (D:4)
1 creature vanquished.

Grand Total: 96 creatures vanquished

Notes
Turn   | Place    | Note
-------+----------+-------------------------------------------
     0 | D:1      | grandjackal the Oni Gladiator began the quest for the Orb.
     0 | D:1      | Reached XP level 1. HP: 22/22 MP: 1/1
   158 | D:1      | Found a faded altar of an unknown god.
   170 | D:1      | Prayed at the altar of an unknown god.
   170 | D:1      | Became a worshipper of Sif Muna the Loreminder
   170 | D:1      | Reached * piety under Sif Muna
   208 | D:1      | Reached skill level 3 in Fighting
   208 | D:1      | Reached XP level 2. HP: 28/31 MP: 2/2
   442 | D:1      | Reached XP level 3. HP: 33/37 MP: 3/3
   794 | D:2      | You fall into a shaft and drop 1 floor!
   915 | D:3      | Found a stormy altar of Qazlal.
   967 | D:3      | Reached XP level 4. HP: 20/46 MP: 4/4
   969 | D:3      | Reached ** piety under Sif Muna
  1114 | D:3      | Reached skill level 4 in Fighting
  1175 | D:3      | Reached XP level 5. HP: 29/54 MP: 5/5
  1198 | D:3      | Found a runed translucent door.
  1198 | D:3      | Noticed RockinRobin's ghost (amateur HOFi)
  1295 | D:3      | Found a glowing drain.
  1326 | Sewer    | Entered a sewer
  1448 | Sewer    | Noticed Pargi
  1455 | Sewer    | Killed Pargi
  1456 | Sewer    | Reached XP level 6. HP: 43/65 MP: 6/6
  1712 | D:3      | Found Komiz's Book Emporium.
  2284 | D:2      | Found a shadowy altar of Dithmenos.
  2464 | D:2      | Reached skill level 5 in Fighting
  2834 | D:4      | Found a shimmering blue altar of Sif Muna.
  2928 | D:4      | Reached *** piety under Sif Muna
  2929 | D:4      | Reached XP level 7. HP: 8/72 MP: 7/7
  3044 | D:4      | Noticed Blork the orc
  3054 | D:4      | Killed Blork the orc
  3319 | D:4      | Reached skill level 5 in Maces & Flails
  3647 | D:4      | Found a staircase to the Ecumenical Temple.
  3658 | Temple   | Entered the Ecumenical Temple
  3723 | Temple   | Fell from the grace of Sif Muna
  3734 | Temple   | Became a worshipper of Warmaster Okawaru
  3783 | D:5      | Entered Level 5 of the Dungeon
  3803 | D:5      | Reached skill level 6 in Fighting
  3826 | D:5      | Noticed Ijyb
  3843 | D:5      | Killed Ijyb
  4018 | D:5      | Reached skill level 1 in Invocations
  4034 | D:5      | Mangled by an iguana

Illustrated notes

Levels and vault maps discovered:
D:1:      dpeg_arrival_signposts, layout_rooms,
          ebering_ecumenical_altar_sacrificial
D:2:      layout_loops_ring, basic_altar
D:3:      layout_basic, grunt_qazlal_sundering, serial_shops, shop_coins,
          gup_sewer_entry_glass, ebering_ghost_sewer_d
D:4:      nicolae_cairo_tiling, layout_loops_cross,
          hellmonk_sif_muna_bookshelves, lemuel_temple_firewalk_b,
          hangedman_decor_points, abandoned_shop, uniq_blork_the_orc
D:5:      layout_basic, makhleb_heckhound_becter,
          mainiacjoe_overflow_six_doors_small, chequers_serial_rivers_marsh,
          uniq_crazy_yiuf_cottage, uniq_ijyb, uniq_edmund
Temple:   hellmonk_temple_flake

Skill      XL: |  1  2  3  4  5  6  7 |
---------------+----------------------+-----
Fighting       | 3 4 5 6 |  6.3
Dodging        | 3 4 |  4.2
Throwing       | 3 4 |  4.6
Maces & Flails | 4 5 |  5.2
Invocations    | 1 |  1.5

Action                     |  1- 3 |  4- 6 |  7- 9 || total
---------------------------+-------+-------+-------++-------
  Melee: Flail             |    92 |   128 |    75 ||   295
         Headbutt          |    11 |    24 |    18 ||    53
         Punch             |       |     2 |     1 ||     3
 Invoke: Channel Magic     |       |       |    21 ||    21
         Renounce Religion |       |       |     1 ||     1
    Use: Potion            |       |     1 |       ||     1
         Scroll            |       |     3 |     4 ||     7
 Armour: Robe              |    73 |    36 |       ||   109
         Troll leather arm |       |    55 |    50 ||   105
  Dodge: Dodged            |    52 |    85 |    49 ||   186

Table legend: (Time is in decaauts)
 A = Elapsed time spent in this place.
 B = Non-inter-level travel time spent in this place.
 C = Inter-level travel time spent in this place.
 D = Time resting spent in this place.
 E = Time spent auto-exploring this place.
 F = Levels seen in this place.
 G = Mean time per level.
                   A        B        C        D        E       F      G
               +--------+--------+--------+--------+--------+-----+--------+
         Total |   4090 |   3982 |    108 |    467 |   2409 |   7 |  584.3 |
       Dungeon |   3702 |   3605 |     97 |    349 |   2346 |   5 |  740.4 |
        Temple |     87 |     76 |     11 |      0 |      0 |   1 |   87.0 |
         Sewer |    300 |    300 |      0 |    118 |     63 |   1 |  300.0 |
               +--------+--------+--------+--------+--------+-----+--------+

Top non-repeatable levels by time:
     D:3: 1033 daAuts
     D:4: 918 daAuts
     D:1: 790 daAuts
     D:2: 702 daAuts
   Sewer: 300 daAuts
     D:5: 256 daAuts
  Temple: 87 daAuts
